 Dungeon Crawl Stone Soup version 0.18-b1-18-g7758cf2 (webtiles) character file.

8 Chiseanne the Magician (level 2, 19/19 HPs)
             Began as a Demonspawn Wizard on May 2, 2016.
             Quit the game on level 1 of the Dungeon.
             The game lasted 00:01:00 (474 turns).

Chiseanne the Magician (Demonspawn Wizard)           Turns: 474, Time: 00:01:01

Health: 19/19      AC:  2    Str:  7    XL:     2   Next: 0%
Magic:  3/6        EV: 12    Int: 19    God:
Gold:   38         SH:  0    Dex: 11    Spells: 1 memorised, 6 levels left

rFire  . . .     SeeInvis .     n - +0 short sword
rCold  . . .     Gourm    .     a - +0 robe
rNeg   . . .     Faith    .     (no shield)
rPois  .         Spirit   .     (helmet restricted)
rElec  .         Dismiss  .     (no cloak)
rCorr  .         Reflect  .     (no gloves)
SustAt .         Harm     .     (no boots)
MR     .....                    (no amulet)
Stlth  ++........               (no ring)
                                (no ring)

@: not resistant to hostile enchantments, unstealthy
A: antennae 1
a: no special abilities


You were on level 1 of the Dungeon.
You were not hungry.

You visited 1 branch of the dungeon, and saw 1 of its levels.

You collected 38 gold pieces.

Inventory:

Hand Weapons
 h - a +1 dagger of draining
 n - a +0 short sword (weapon)
Missiles
 e - 64 stones (quivered)
Armour
 a - a +0 robe (worn)
 k - a +2 helmet
Scrolls
 b - a scroll of immolation {unknown}
 f - a scroll of fog {unknown}
 g - a scroll of identify {unknown}
 l - a scroll of recharging {unknown}
 m - a scroll of noise {unknown}
 o - a scroll of remove curse {unknown}
Potions
 i - a potion of cancellation {unknown}
Books
 c - a book of Minor Magic

   Spells                             Type                      Level
   a - Magic Dart                     Conjuration                  1
   b - Blink                          Translocation                2
   c - Call Imp                       Summoning                    2
   d - Repel Missiles                 Charms/Air                   2
   e - Slow                           Hexes                        2
   f - Conjure Flame                  Conjuration/Fire             3
   g - Mephitic Cloud                 Conjuration/Poison/Air       3
Comestibles
 d - a bread ration
 j - 2 chunks of flesh


   Skills:
 - Level 1.7 Dodging
 - Level 1.7 Stealth
 * Level 3.2 Spellcasting
 * Level 1.5 Conjurations
   Level 1.0 Summonings
   Level 0.8 Translocations


You had 6 spell levels left.
You knew the following spells:

 Your Spells              Type           Power        Failure   Level  Hunger
a - Magic Dart            Conj           #...         10%         1    None


Dungeon Overview and Level Annotations

Branches:
Dungeon (1/15)

Altars:


Innate Abilities, Weirdness & Mutations

You have a pair of small antennae on your head.


Message History

A bat comes into view.
Casting: Magic Dart
Confirm with . or Enter, or press ? or * to list all spells.
Aiming: Magic Dart
Press: ? - help, Shift-Dir - straight line, f - bat
Aim: a bat The magic dart hits the bat.
The bat is severely wounded.
Casting: Magic Dart
Confirm with . or Enter, or press ? or * to list all spells.
Aiming: Magic Dart
Press: ? - help, Shift-Dir - straight line, f/p - bat
Aim: a bat (severely wounded)
The magic dart hits the bat.
You kill the bat!
You have reached level 2!
Your demonic ancestry asserts itself...
A pair of antennae grows on your head!
Your +2 helmet falls away!
Are you sure you want to abandon this character and quit the game? (Confirm with "yes".)

#...........# ###.
##....
###.######.##.##....
#.....
#...................
#.....
#.#................
#.....
##..##............#
##....
#...#.#..).......# ###.[
#....#.##......##. ###
#.....##.#....#.# #.
#.....#[#.#..#@#.# ..
#......#.##..##.#. ..
#.......##....##.......#
..
#.......#......#.†.....#
..
#)......#......#.......#
..
#.......##....##.......#
..
#......#.##..##.#......#
#.
#...[.#.#.#..#.#.#.....#
#.....##.#....#.##.....#


There were no monsters in sight!

Vanquished Creatures
  A dart slug (D:1)
  3 bats (D:1)
  A hobgoblin (D:1)
  A giant newt (D:1)
  A kobold (D:1)
7 creatures vanquished.

Notes
Turn   | Place    | Note
--------------------------------------------------------------
     0 | D:1      | Chiseanne the Demonspawn Wizard began the quest for the Orb.
     0 | D:1      | Reached XP level 1. HP: 13/13 MP: 4/4
   473 | D:1      | Gained mutation: You have a pair of small antennae on your head. [demonic ancestry]
   473 | D:1      | Reached XP level 2. HP: 19/19 MP: 3/6
   474 | D:1      | Quit the game

Action                   || total
-------------------------++-------
Melee: Whip              ||     6
       Unarmed           ||     1
 Cast: Magic Dart        ||    11
 Stab: Sleeping          ||     1
Armor: Robe              ||     1
Dodge: Dodged            ||    13
